 Dungeon Crawl Stone Soup version 0.32-a0-656-g3542139ebd (webtiles) character file.

Game seed: 4937359255266785249

2391 javelincjr the Ruffian (level 9, -4/75 HPs)
             Began as a Minotaur Shapeshifter on Mar 8, 2024.
             Was a Priest of Makhleb.
             Killed from afar by an orc wizard (8 damage)
             ... with a puff of flame
             ... on level 7 of the Dungeon.
             The game lasted 00:10:37 (4867 turns).

javelincjr the Ruffian (Minotaur Shapeshifter)      Turns: 4867, Time: 00:10:38

Health: -4/75      AC:  5    Str: 26    XL:     9   Next: 22%
Magic:  9/9        EV: 13    Int:  7    God:    Makhleb [***...]
Gold:   351        SH:  5    Dex: 13    Spells: 8/8 levels left

rFire   . . .        D - +10 rapier "Quocumec" {flame, +Blink rPois rN+ Str+3}
rCold   . . .        k - +0 buckler
rNeg    + + +        G - +0 ring mail of Xuziagg {rN+ Dex+3}
rPois   +            (helmet currently unavailable)
rElec   .            (cloak currently unavailable)
rCorr   .            (gloves currently unavailable)
SInv    .            (boots currently unavailable)
Will    .....        (no amulet)
Stlth   +            z - ring of positive energy
HPRegen 0.32/turn    (no ring)
MPRegen 0.11/turn

%: no passive effects
@: beast-form
A: beast (slay +3), horns 2, retaliatory headbutt
a: Begin Untransformation, Renounce Religion, Evoke Blink, Minor Destruction,
Lesser Servant of Makhleb


You were on level 7 of the Dungeon.
You worshipped Makhleb.
Makhleb was most pleased with you.
You were a hulking beast.
You visited 1 branch of the dungeon, and saw 7 of its levels.

You collected 351 gold pieces.

Inventory:

Hand Weapons
 f - a +2 dagger of venom
 q - the +9 flail "Yxius" {antimagic, Str+4}
   (You found it on level 2 of the Dungeon)

   Str+4:     It affects your strength (+4).
 D - the +10 rapier "Quocumec" (weapon) {flame, +Blink rPois rN+ Str+3}
   (You found it on level 5 of the Dungeon)

   Str+3:     It affects your strength (+3).
   rPois:     It protects you from poison.
   rN+:       It protects you from negative energy.
   +Blink:    It lets you blink.
Missiles
 I - 5 poisoned darts (quivered)
Armour
 a - a +0 animal skin
 k - a +0 buckler (worn)
 o - a +0 tower shield
 C - a +0 pair of gloves
 G - the +0 ring mail of Xuziagg (worn) {rN+ Dex+3}
   (You found it on level 6 of the Dungeon)

   Dex+3:     It affects your dexterity (+3).
   rN+:       It protects you from negative energy.
Jewellery
 w - a ring of fire
 z - a ring of positive energy (left hand)
Talismans
 c - a beast talisman (active)
 d - a flux talisman
Wands
 x - a wand of polymorph (12)
Scrolls
 e - a scroll of revelation {unknown}
 g - a scroll of vulnerability {unknown}
 h - 12 scrolls of identify {unknown}
 l - a scroll of noise {unknown}
 n - a scroll of poison {unknown}
 p - 2 scrolls of enchant weapon {unknown}
 s - a scroll of fog {unknown}
 u - 2 scrolls of fear {unknown}
 y - 2 scrolls of enchant armour {unknown}
 A - a scroll of summoning {unknown}
 B - 2 scrolls of amnesia {unknown}
 E - a scroll of teleportation {unknown}
 F - a scroll of immolation {unknown}
 K - a scroll of blinking {unknown}
Potions
 b - 3 potions of lignification
 i - 2 potions of attraction {unknown}
 j - 2 potions of haste {unknown}
 m - 3 potions of curing {unknown}
 r - 2 potions of magic {unknown}
 t - 2 potions of degeneration {unknown}
 v - 2 potions of heal wounds {unknown}
 H - a potion of might {unknown}
 J - a potion of brilliance {unknown}


   Skills:
 + Level 5.9 Fighting
 + Level 5.7 Dodging
 + Level 5.2 Shields
 + Level 6.1 Unarmed Combat
 + Level 2.2 Invocations
 + Level 2.0 Evocations
 * Level 5.8 Shapeshifting


You had 8 spell levels left.
You didn't know any spells.
Your spell library contained the following spells:

 Spells                   Type           Power      Damage    Failure   Level
 Apportation              Tloc           0%         N/A       63%         1
 Ensorcelled Hibernation  Hex/Ice        0%         N/A       77%         2
 Jinxbite                 Hex            0%         N/A       77%         2
 Scorch                   Fire           0%         2d5       77%         2
 Fugue of the Fallen      Necr           0%         N/A       94%         3
 Anguish                  Hex/Necr       0%         N/A       100%        4
 Flame Wave               Conj/Fire      0%         2d4       100%        4
 Alistair's Intoxication  Alch           0%         N/A       100%        5
 Summon Cactus Giant      Summ           0%         N/A       100%        6


Dungeon Overview and Level Annotations

Branches:
Dungeon (7/15)
 Temple: D:4-7

Altars:
Cheibriados
Makhleb
Trog
Xom

Shops:
D:7 (

Annotations:
D:5 1 runed translucent door, Dittersdorf's ghost, novice GrFi


Innate Abilities, Weirdness & Mutations

You are a hulking beast.
Your limbs bulge with bestial killing power. (Slay +3)
You have a pair of horns on your head.
You reflexively headbutt those who attack you in melee.


Message History

The shadow imp shouts, "Scamper home, thou weedy onion-eyed beggar!"
Found a scale mail and a leather armour.
Found Xebiw's Antique Weapon Emporium.
There is a stone staircase leading up here.
You impale the shadow imp!! You burn the shadow imp.
You kill the shadow imp!
Makhleb accepts your kill.
There is an entrance to Xebiw's Antique Weapon Emporium here.
There is a fountain of clear blue water here.
You see here a +0 leather armour. 2 centaurs come into view.
Found 21 gold pieces.
The centaur shouts! x2
The centaur wields a +0 shortbow.
The centaur shoots an arrow.
The arrow hits you.
The centaur wields a +0 shortbow.
The centaur shoots an arrow.
The arrow hits you!
The centaur shoots an arrow.
The arrow hits you!
The centaur shoots an arrow.
The arrow hits you!
No reachable target in view!
The centaur shoots an arrow.
The arrow hits you!
An orc wizard comes into view. It is wielding a +0 dagger.
The orc wizard shouts!
The centaur shoots an arrow.
You block the arrow.
The centaur shoots an arrow.
The arrow hits you but does no damage.
The centaur shoots an arrow.
The arrow hits you!
The centaur shoots an arrow.
The arrow barely misses you.
The centaur shoots an arrow.
The arrow hits you.
The centaur shoots an arrow.
The arrow barely misses you.
The centaur shoots an arrow.
The arrow hits you.
* * * LOW HITPOINT WARNING * * *
The centaur shoots an arrow.
The arrow hits you.
* * * LOW HITPOINT WARNING * * *
The centaur shoots an arrow.
You block the arrow.
Found a ring mail, 12 gold pieces and a stone.
The centaur shoots an arrow.
The arrow barely misses you.
The centaur shoots an arrow.
The arrow hits you but does no damage.
The centaur shoots an arrow.
The arrow hits you!
* * * LOW HITPOINT WARNING * * *
The centaur shoots an arrow.
The arrow closely misses you.
The orc wizard gestures at you while chanting.
The puff of flame hits you!
You die...

#... #... ##... ###
#.... .. #####[... #.#
#........ #..
#######.##..###
###.##.###..........##
.......h...#.####.###
######.##.≈≈.≈≈≈≈≈≈≈
#. #≈§~≈≈~~~~~~≈≈
#...≈~§§~≈≈≈≈≈≈~≈#
#.#.≈~≈~≈≈c~~~≈≈..
^.##≈~≈~≈o≈≈≈≈~≈≈# #.
#≈~≈~≈c..$≈ #.
.≈~≈~≈[$(


There were no monsters in sight!

Vanquished Creatures
  Pikel (D:6)
  Grinder (D:5)
  A steam dragon (D:6)
  Eustachio (D:5)
  Duvessa (D:4)
  Pargi (D:4)
  2 sky beasts (D:6)
  3 ogres
  A phantom (D:3)
  3 lemures (D:6)
  A scorpion (D:6)
  Dowan (D:4)
  A howler monkey (D:6)
  A hound (D:5)
  An orc priest (D:4)
  4 jellies
  A gnoll bouda (D:6)
  Ijyb (D:4)
  5 iguanas
  2 orc wizards (D:6)
  9 adders
  3 gnolls (D:6)
  A shadow imp (D:7)
  3 white imps
  2 dart slugs
  A ribbon worm (D:4)
  12 orcs
  10 ball pythons
  4 bats
  4 endoplasms
  5 giant cockroaches
  5 goblins
  8 hobgoblins
  3 jackals (D:4)
  7 kobolds
  4 quokkas
  3 frilled lizards
  7 rats
124 creatures vanquished.

Notes
Turn   | Place    | Note
-------+----------+-------------------------------------------
     0 | D:1      | javelincjr the Minotaur Shapeshifter began the quest for
                  | the Orb.
     0 | D:1      | Reached XP level 1. HP: 16/16 MP: 0/0
    30 | D:1      | Reached XP level 2. HP: 16/23 MP: 1/1
   636 | D:2      | Reached XP level 3. HP: 29/29 MP: 2/2
  1361 | D:2      | Identified the +9 flail "Yxius" {antimagic, Str+4}
  1536 | D:3      | Found a faded altar of an unknown god.
  1548 | D:3      | Prayed at the altar of an unknown god.
  1548 | D:3      | Became a worshipper of Makhleb the Destroyer
  1548 | D:3      | Reached * piety under Makhleb
  1717 | D:3      | Reached XP level 4. HP: 37/37 MP: 1/3
  1923 | D:3      | Noticed a phantom
  1928 | D:3      | Killed a phantom
  1929 | D:3      | Reached skill level 1 in Shields
  1929 | D:3      | Reached skill level 4 in Unarmed Combat
  1929 | D:3      | Reached XP level 5. HP: 44/44 MP: 1/4
  2091 | D:4      | Noticed Ijyb
  2098 | D:4      | Killed Ijyb
  2176 | D:4      | Noticed Pargi
  2179 | D:4      | Killed Pargi
  2180 | D:4      | Reached XP level 6. HP: 36/51 MP: 1/5
  2279 | D:4      | Found a snail-covered altar of Cheibriados.
  2305 | D:4      | Found a shimmering altar of Xom.
  2389 | D:4      | Reached ** piety under Makhleb
  2488 | D:4      | Noticed Duvessa
  2488 | D:4      | Noticed Dowan
  2492 | D:4      | Killed Dowan
  2496 | D:4      | Killed Duvessa
  2828 | D:4      | Reached XP level 7. HP: 50/58 MP: 2/6
  2879 | D:5      | Entered Level 5 of the Dungeon
  2964 | D:5      | Noticed Eustachio
  2971 | D:5      | Killed Eustachio
  3147 | D:5      | Reached skill level 5 in Unarmed Combat
  3347 | D:5      | Noticed Grinder
  3359 | D:5      | Killed Grinder
  3360 | D:5      | Reached XP level 8. HP: 49/67 MP: 2/7
  3451 | D:5      | Found a bloodstained altar of Trog.
  3591 | D:5      | Identified the +10 rapier "Quocumec" {flame, +Blink rPois
                  | rN+ Str+3}
  3660 | D:5      | Found a runed translucent door.
  3660 | D:5      | Noticed Dittersdorf's ghost (novice GrFi)
  3669 | D:5      | Reached skill level 5 in Shapeshifting
  3881 | D:6      | Identified the +0 ring mail of Xuziagg {rN+ Dex+3}
  3963 | D:6      | Noticed Pikel
  3977 | D:6      | Killed Pikel
  3978 | D:6      | Reached skill level 5 in Fighting
  3978 | D:6      | Reached skill level 5 in Dodging
  3978 | D:6      | Reached skill level 1 in Invocations
  3978 | D:6      | Reached skill level 1 in Evocations
  4319 | D:6      | Reached XP level 9. HP: 74/74 MP: 9/9
  4352 | D:6      | Reached skill level 5 in Shields
  4352 | D:6      | Reached skill level 6 in Unarmed Combat
  4680 | D:6      | Reached *** piety under Makhleb
  4834 | D:7      | Found Xebiw's Antique Weapon Emporium.
  4866 | D:7      | HP: 3/75 [centaur/arrow (13)]
  4867 | D:7      | Killed from afar by an orc wizard

Illustrated notes

Levels and vault maps discovered:
D:1:      wander_arrival_peaceful_grave, layout_basic
D:2:      layout_basic
D:3:      layout_basic, chequers_ecumenical_altar_simple_redux
D:4:      layout_basic, mainiacjoe_overflow_two_lobes, guppyfry_early_lair_pool,
          uniq_ijyb, uniq_duvessa, uniq_pargi
D:5:      layout_basic, bloody_trog, minmay_temple_entry_from_below_b,
          ebering_ghost_reflecting_pool, uniq_eustachio, uniq_grinder
D:6:      minmay_spotlight, layout_basic, uniq_pikel
D:7:      nicolae_whirlpool, layout_rooms, okawaru_humans, lemuel_tele_altar,
          general_overflow_altar, serial_shops,
          nicolae_shop_temple_entry_statues_fountains, enter_ossuary_1,
          kennysheep_cross_room

Skill      XL: |  1  2  3  4  5  6  7  8  9 |
---------------+----------------------------+-----
Fighting       | 2 3 4 5 |  5.9
Shapeshifting  | 3 4 5 |  5.8
Dodging        | 3 4 5 |  5.7
Shields        | 1 2 3 4 5 |  5.2
Unarmed Combat | 4 5 6 |  6.1
Invocations    | 1 2 |  2.2
Evocations     | 1 2 |  2.0

Action                     |  1- 3 |  4- 6 |  7- 9 || total
---------------------------+-------+-------+-------++-------
  Melee: Unarmed           |    16 |       |       ||    16
         Headbutt          |    10 |     9 |    20 ||    39
         Dagger            |    64 |       |       ||    64
         Flail             |    10 |    47 |    32 ||    89
         Rapier            |       |       |    59 ||    59
   Stab: Sleeping          |     1 |     1 |     2 ||     4
 Armour: Animal skin       |    40 |    31 |    18 ||    89
         Ring mail         |       |       |    39 ||    39
  Dodge: Dodged            |    49 |    28 |    39 ||   116
  Block: Buckler           |     3 |     5 |    20 ||    28

Table legend: (Time is in decaauts)
 A = Elapsed time spent in this place.
 B = Non-inter-level travel time spent in this place.
 C = Inter-level travel time spent in this place.
 D = Time resting spent in this place.
 E = Time spent auto-exploring this place.
 F = Levels seen in this place.
 G = Mean time per level.
                   A        B        C        D        E       F      G
               +--------+--------+--------+--------+--------+-----+--------+
         Total |   4915 |   4747 |    168 |    146 |   3873 |   7 |  702.1 |
       Dungeon |   4915 |   4747 |    168 |    146 |   3873 |   7 |  702.1 |
               +--------+--------+--------+--------+--------+-----+--------+

Top non-repeatable levels by time:
     D:6: 1016 daAuts
     D:5: 964 daAuts
     D:2: 889 daAuts
     D:4: 807 daAuts
     D:1: 626 daAuts
     D:3: 578 daAuts
     D:7: 32 daAuts
